 Dungeon Crawl Stone Soup version 0.28-a0-893-g5e322aebe8 (webtiles) character file.

Game seed: 10375411248637851684

3698 AvatarAndi78 the Cleaver (level 9, -13/75 (78) HPs)
             Began as a Minotaur Fighter on Nov 22, 2021.
             Mangled by Harold (14 damage)
             ... on level 7 of the Dungeon.
             The game lasted 00:12:31 (6465 turns).

AvatarAndi78 the Cleaver (Minotaur Fighter)         Turns: 6465, Time: 00:12:33

HP:   -13/75 (78)   AC: 18    Str: 22    XL:     9   Next: 91%
MP:   7/7           EV: 11    Int:  7    God:
Gold: 306           SH:  0    Dex: 12    Spells: 8/8 levels left

rFire   + . .      SeeInvis .   a - +4 battleaxe
rCold   . . .      Faith    .   (shield currently unavailable)
rNeg    . . .      Spirit   .   b - +0 scale mail
rPois   .          Reflect  .   C - +2 hat
rElec   .          Harm     .   (no cloak)
rCorr   .          Rampage  .   h - +0 pair of gloves
Will    .....                   f - +1 pair of boots
Stlth   ..........              (no amulet)
HPRegen 0.22/turn               i - +4 ring of protection
MPRegen 0.10/turn               (no ring)

@: mighty, marked, on berserk cooldown, slowed, lightly drained, very slow
A: horns 2, retaliatory headbutt, clever 1, fire resistance 1, low mp 1, shaggy
fur 1
a: no special abilities


You were on level 7 of the Dungeon.
You visited 1 branch of the dungeon, and saw 7 of its levels.
You also visited: Ossuary.

You collected 306 gold pieces.

Inventory:

Hand Weapons
 a - a +4 battleaxe (weapon)
 A - a +5 great sword
 B - a +4 falchion
Armour
 b - a +0 scale mail (worn)
 c - a +0 buckler
 f - a +1 pair of boots (worn)
 h - a +0 pair of gloves (worn)
 C - a +2 hat (worn)
Jewellery
 i - a +4 ring of protection (left hand)
 y - a +4 ring of evasion
 D - a +4 ring of evasion
Wands
 q - a wand of paralysis (1)
 v - a wand of flame (15)
 x - a wand of iceblast (17)
 z - a wand of acid (7)
Scrolls
 g - 2 scrolls of fear
 k - a scroll of fog
 l - 2 scrolls of summoning
 m - 2 scrolls of silence
 r - a scroll of enchant weapon
 s - 2 scrolls of identify
 t - a scroll of amnesia
 u - 2 scrolls of teleportation
 w - a scroll of enchant armour
 E - a scroll of holy word {unknown}
Potions
 e - 2 potions of magic
 j - 2 potions of mutation
 n - 3 potions of heal wounds {unknown}
 p - 3 potions of curing
 F - a potion of ambrosia {unknown}


   Skills:
 + Level 6.8 Fighting
 * Level 4.6 Long Blades
 * Level 12.1 Axes
 + Level 7.9 Armour
 + Level 3.2 Dodging
 + Level 1.1 Stealth
 + Level 6.0 Shields


You had 8 spell levels left.
You didn't know any spells.
Your spell library contained the following spells:

 Spells                   Type           Power      Damage    Failure   Level
 Apportation              Tloc           0%         N/A       71%         1
 Conjure Flame            Conj/Fire      0%         6-21      97%         3
 Ignite Poison            Fire/Tmut/Pois 0%         N/A       97%         3
 Stone Arrow              Conj/Erth      0%         3d7       97%         3
 Animate Armour           Summ/Erth      0%         N/A       100%        4
 Hailstorm                Conj/Ice       0%         3d3       100%        4
 Sticky Flame             Conj/Fire      0%         2d3       100%        4
 Alistair's Intoxication  Tmut/Pois      0%         N/A       100%        5
 Shatter                  Erth           0%         3d5*      100%        9


Dungeon Overview and Level Annotations

Branches:
Dungeon (7/15)             Temple (0/1) D:7         Ossuary (visited)

Altars:
Nemelex Xobeh
Zin

Shops:
D:3 (

Annotations:
D:3 2 transporters, kwasso's ghost, amateur OpWn
D:5 2 transporters
D:7 Harold


Innate Abilities, Weirdness & Mutations

You have a pair of horns on your head.
You reflexively headbutt those who attack you in melee.
Your mind is acute. (Int +2)
Your flesh is heat resistant. (rF+)
Your magical capacity is low. (-10% MP)
You are covered in fur. (AC +1)


Message History

Harold hits you but does no damage.
You struggle against the net.
The necrophage hits you but does no damage.
Harold hits you from afar with a +0 halberd!
You rip the net and break free!
The necrophage hits you but does no damage.
Harold throws a throwing net.
The throwing net hits you.
You become entangled in the net!
Unknown command.
You struggle against the net.
The necrophage hits you.
You feel drained. Harold barely misses you.
You tear a large gash into the net.
The necrophage hits you but does no damage.
Harold hits you from afar with a +0 halberd!
* * * LOW HITPOINT WARNING * * *
You shred the net and break free!
The necrophage hits you but does no damage.
Harold hits you from afar with a +0 halberd!!
* * * LOW HITPOINT WARNING * * *
A red film seems to cover your vision as you go berserk!
You feel yourself moving faster!
You feel mighty! The necrophage barely misses you.
Harold throws a throwing net.
The throwing net hits you.
You become entangled in the net!
You struggle against the net.
You feel a strong urge to attack something.
The necrophage hits you but does no damage.
You struggle against the net.
Harold hits you but does no damage.
You shred the net and break free!
You feel your anger nearly subside.
You are no longer berserk.
You are exhausted.
You feel yourself slow down.
The necrophage hits you but does no damage.
Harold misses you.
You hit the necrophage.
The necrophage is moderately damaged.
The necrophage hits you.
* * * LOW HITPOINT WARNING * * *
You feel drained.
Harold hits you from afar with a +0 halberd!
You die...

#.....# ######....####
#.....# ..........####
#.....# #######'#.)..+
#.....##+#.....#.######
####...........#.# . #
#...........#.#.# #
#.............#.#
#..........#....#
#......... #.@..#
#........ ##.n.#
####........ .@.....
...........# ...#...#.#
...<####.### .>..###...
###.# ..( .....# ...#
.##.# ......... .#.
....# ...###.. + .####


You could see Harold and a necrophage.

Vanquished Creatures
  A steam dragon (D:7)
  Duvessa (D:4)
  2 ice beasts
  2 orc warriors
  A sky beast (D:6)
  An ogre (D:6)
  3 black bears
  A necrophage (D:7)
  A centaur (D:6)
  2 phantoms
  2 bullfrogs (D:6)
  11 scorpions
  Dowan (D:4)
  11 wights
  A howler monkey (D:5)
  3 centaur zombies
  3 hounds
  A bullfrog zombie (D:3)
  2 human zombies (Ossuary)
  A gnoll shaman (D:3)
  A bullfrog skeleton (D:6)
  Ijyb (D:4)
  An iguana (D:4)
  3 orc wizards
  A scorpion zombie (Ossuary)
  3 mummies (Ossuary)
  Robin (D:2)
  4 gnolls
  6 adders
  A white imp (D:7)
  An ufetubus (D:4)
  An adder skeleton (D:4)
  2 dart slugs
  17 orcs
  5 ball pythons
  2 bats
  8 endoplasms
  2 giant cockroaches
  A gnoll zombie (Ossuary)
  10 goblins
  9 hobgoblins
  3 jackals (D:3)
  4 quokkas
  5 frilled lizards
  A goblin zombie (Ossuary)
  2 hobgoblin zombies (Ossuary)
  2 kobolds (D:3)
  3 kobold zombies (Ossuary)
  5 orc zombies (Ossuary)
  2 quokka zombies (D:4)
  6 rats
164 creatures vanquished.

Notes
Turn   | Place    | Note
-------+----------+-------------------------------------------
     0 | D:1      | AvatarAndi78 the Minotaur Fighter began the quest for the
                  | Orb.
     0 | D:1      | Reached XP level 1. HP: 19/19 MP: 0/0
   121 | D:1      | Reached XP level 2. HP: 25/27 MP: 1/1
   336 | D:1      | Found a faded altar of an unknown god.
   700 | D:1      | Found a sparkling altar of Nemelex Xobeh.
   920 | D:2      | Reached skill level 3 in Axes
   920 | D:2      | Reached XP level 3. HP: 33/33 MP: 2/2
  1009 | D:2      | Noticed Robin
  1016 | D:2      | Killed Robin
  1126 | D:2      | Reached XP level 4. HP: 39/40 MP: 3/3
  1384 | D:2      | Reached skill level 4 in Axes
  1911 | D:3      | Reached XP level 5. HP: 41/47 MP: 4/4
  2000 | D:3      | Found a transporter.
  2005 | D:3      | Noticed kwasso's ghost (amateur OpWn)
  2006 | D:3      | Found a transporter.
  2008 | D:3      | Identified the +3 giant club of Massacring {venom, rCorr
                  | Int+2}
  2008 | D:3      | Noticed an ogre
  2283 | D:3      | Reached skill level 1 in Dodging
  2426 | D:3      | Reached skill level 5 in Axes
  2517 | D:3      | Found Jatampuu's Weapon Shop.
  2720 | D:4      | Noticed Ijyb
  2724 | D:4      | Reached XP level 6. HP: 41/53 MP: 5/5
  2725 | D:4      | Paralysed by Ijyb for 5 turns
  2734 | D:4      | Paralysed by Ijyb for 2 turns
  2737 | D:4      | Paralysed by Ijyb for 4 turns
  2742 | D:4      | Killed Ijyb
  2931 | D:4      | Reached skill level 6 in Axes
  2931 | D:4      | Reached skill level 5 in Armour
  2975 | D:4      | Found a sand-covered staircase.
  2992 | Ossuary  | Entered an ossuary
  3039 | Ossuary  | Reached XP level 7. HP: 60/60 MP: 6/6
  3059 | Ossuary  | Reached skill level 7 in Axes
  3167 | Ossuary  | Reached skill level 5 in Fighting
  3189 | Ossuary  | Gained mutation: Your mind is acute. (Int +2) [potion of
                  | mutation]
  3189 | Ossuary  | Gained mutation: Your flesh is heat resistant. (rF+)
                  | [potion of mutation]
  3189 | Ossuary  | Gained mutation: Your magical capacity is low. (-10% MP)
                  | [potion of mutation]
  3189 | Ossuary  | Gained mutation: You are covered in fur. (AC +1) [potion of
                  | mutation]
  3564 | Ossuary  | Reached skill level 8 in Axes
  3573 | Ossuary  | Reached XP level 8. HP: 59/68 MP: 6/6
  3590 | Ossuary  | Reached skill level 5 in Shields
  3747 | Ossuary  | Reached skill level 9 in Axes
  4223 | D:4      | Noticed Duvessa
  4223 | D:4      | Noticed Dowan
  4238 | D:4      | Killed Duvessa
  4253 | D:4      | Killed Dowan
  4394 | D:5      | Entered Level 5 of the Dungeon
  4462 | D:5      | Found a transporter.
  4483 | D:5      | Found a transporter.
  4872 | D:5      | Found a glowing silver altar of Zin.
  5025 | D:6      | Reached skill level 10 in Axes
  5035 | D:6      | Reached XP level 9. HP: 69/75 MP: 7/7
  5194 | D:6      | Got the Collected Works on Earthen Snow
  5209 | D:6      | Reached skill level 1 in Stealth
  5320 | D:6      | Reached skill level 11 in Axes
  5329 | D:6      | Reached skill level 1 in Long Blades
  6441 | D:7      | Reached skill level 12 in Axes
  6448 | D:7      | Found a staircase to the Ecumenical Temple.
  6448 | D:7      | Noticed Harold
  6460 | D:7      | HP: 1/77 [Harold (21)]
  6465 | D:7      | HP: 1/77 [necrophage (1)]
  6465 | D:7      | Mangled by Harold

Illustrated notes

Levels and vault maps discovered:
D:1:      dpeg_arrival_lava_altar, layout_basic, ebering_ecumenical_altar_box
D:2:      layout_loops_ring, chequers_garden, hangedman_decor_growths,
          minmay_misc_feat_cross, uniq_robin
D:3:      layout_basic, serial_shops, shop_statue, gammafunk_ghost_smash
D:4:      layout_basic, enter_ossuary_4, uniq_duvessa, uniq_ijyb
D:5:      gammafunk_steamed_eel, layout_rooms, zin_treasury
D:6:      layout_basic, minmay_checkerbox
D:7:      layout_basic, minmay_temple_entry_tees, uniq_harold

Skill      XL: |  1  2  3  4  5  6  7  8  9 |
---------------+----------------------------+-----
Shields        | 4 5 6 |  6.0
Armour         | 4 5 6 7 |  7.9
Axes           | 3 4 5 6 8 10 12 | 12.1
Fighting       | 4 5 6 |  6.8
Dodging        | 1 2 3 |  3.2
Stealth        | 1 |  1.1
Long Blades    | 4 |  4.6

Action                   |  1- 3 |  4- 6 |  7- 9 || total
-------------------------+-------+-------+-------++-------
Melee: War axe           |    81 |   127 |   171 ||   379
       Headbutt          |    10 |    15 |    44 ||    69
       Battleaxe         |       |       |    59 ||    59
       Great sword       |       |       |    18 ||    18
  Use: Scroll            |       |       |    11 ||    11
       Potion            |       |       |    11 ||    11
Armor: Scale mail        |    32 |    82 |   119 ||   233
Dodge: Dodged            |    35 |    64 |   116 ||   215
Block: Buckler           |    17 |    32 |    32 ||    81

Table legend: (Time is in decaauts)
 A = Elapsed time spent in this place.
 B = Non-inter-level travel time spent in this place.
 C = Inter-level travel time spent in this place.
 D = Time resting spent in this place.
 E = Time spent auto-exploring this place.
 F = Levels seen in this place.
 G = Mean time per level.
                   A        B        C        D        E       F      G
               +--------+--------+--------+--------+--------+-----+--------+
         Total |   6535 |   6375 |    160 |      0 |   5092 |   8 |  816.9 |
       Dungeon |   5639 |   5479 |    160 |      0 |   4498 |   7 |  805.6 |
       Ossuary |    895 |    895 |      0 |      0 |    594 |   1 |  895.0 |
               +--------+--------+--------+--------+--------+-----+--------+

Top non-repeatable levels by time:
     D:3: 1055 daAuts
 Ossuary: 895 daAuts
     D:2: 885 daAuts
     D:6: 863 daAuts
     D:4: 835 daAuts
     D:1: 775 daAuts
     D:7: 692 daAuts
     D:5: 532 daAuts
